 Dungeon Crawl Stone Soup version 0.25.0-9-g26727b657a (webtiles) character file.

Game seed: 16258720858799870599

39 Delamore the Cudgeler (level 3, 0/23 HPs)
             Began as a Gargoyle Fighter on June 17, 2020.
             Slain by a goblin (2 damage)
             ... led by Robin
             ... on level 2 of the Dungeon.
             The game lasted 00:00:38 (1082 turns).

Delamore the Cudgeler (Gargoyle Fighter)            Turns: 1082, Time: 00:00:39

Health: 0/23       AC: 10    Str: 20    XL:     3   Next: 45%
Magic:  3/3        EV:  7    Int:  8    God:
Gold:   51         SH:  9    Dex:  9    Spells: 2/2 levels left

rFire    . . .     SeeInvis .   a - +0 flail
rCold    . . .     Gourm    .   c - +0 kite shield
rNeg     + . .     Faith    .   b - +0 scale mail
rPois    ∞         Spirit   .   (no helmet)
rElec    +         Reflect  .   (no cloak)
rCorr    .         Harm     .   (no gloves)
MR       .....                  (no boots)
Stlth    ..........             (no amulet)
HPRegen  0.07/turn              (no ring)
MPRegen  0.08/turn              (no ring)

@: mighty
A: negative energy resistance 1, electricity resistance, unbreathing,
petrification resistance, rot immunity, AC +3
a: no special abilities


You were on level 2 of the Dungeon.
You were not hungry.

You visited 1 branch of the dungeon, and saw 2 of its levels.

You collected 51 gold pieces.

Inventory:

Hand Weapons
 a - a +0 flail (weapon)
Missiles
 k - 6 poisoned darts (quivered)
Armour
 b - a +0 scale mail (worn)
 c - a +0 kite shield (worn)
Scrolls
 e - a scroll of identify {unknown}
 g - a scroll of amnesia {unknown}
 i - a scroll of immolation {unknown}
 j - a scroll of teleportation {unknown}
Comestibles
 f - 3 rations
 h - 6 chunks of flesh


   Skills:
 - Level 3.2 Fighting
 + Level 3.7 Maces & Flails
 - Level 3.2 Armour
 - Level 3.2 Shields


You had 2 spell levels left.
You didn't know any spells.
Your spell library was empty.

Dungeon Overview and Level Annotations

Branches:
Dungeon (2/15)

Altars:

Annotations:
D:2 Robin


Innate Abilities, Weirdness & Mutations

You are resistant to torment.
Your stone body is resilient. (AC +3)
You are immune to poison.
You resist negative energy. (rN+)
You are resistant to electric shocks. (rElec)
You can survive without breathing.
You are immune to petrification.
You are immune to rotting.


Message History

Robin roars a battlecry!
The goblins go into a battle-frenzy!
You closely miss the goblin. You block the goblin's attack. x2
The goblin hits you.
* * * LOW HITPOINT WARNING * * *
Robin points. "Kill!"
The goblin hits you.
* * * LOW HITPOINT WARNING * * *
You block the goblin's attack. The goblin hits you.
* * * LOW HITPOINT WARNING * * *
The goblin hits you but does no damage. x2; You block the goblin's attack.
The goblin hits you but does no damage.
You feel very mighty all of a sudden.
The goblin no longer looks unusually strong.
You block the goblin's attack.
The goblin hits you but does no damage. x3
You block the goblin's attack.
You closely miss the goblin.
The goblin no longer looks unusually strong. x2
The goblin hits you but does no damage. The goblin hits you.
You die...

### ..# ..## ######## .
...###......##########...
...............g@ggwg....
...###....†...÷gggg.##..
...# ###........ggw.#
..## #............# ###
#...........!#
#............#
#............#
######.#####.# #..# .#


You could see a worm, Robin (fast), a dart slug, a hobgoblin (strong) and 8
goblins.

Vanquished Creatures
  2 oozes
  3 giant cockroaches
  4 hobgoblins (D:1)
  A quokka (D:2)
  4 frilled lizards
  8 goblins
  4 kobolds
  3 rats (D:1)
29 creatures vanquished.

Notes
Turn   | Place    | Note
-------+----------+-------------------------------------------
     0 | D:1      | Delamore the Gargoyle Fighter began the quest for the Orb.
     0 | D:1      | Reached XP level 1. HP: 14/14 MP: 1/1
   343 | D:1      | Reached XP level 2. HP: 19/19 MP: 2/2
   607 | D:1      | Reached XP level 3. HP: 23/23 MP: 3/3
  1065 | D:2      | Noticed Robin
  1082 | D:2      | Slain by a goblin

Illustrated notes

Levels and vault maps discovered:
D:1:      minmay_arrival_arboretum_small, layout_loops_corners,
          minmay_indecisive_spiral
D:2:      layout_basic, chequers_ecumenical_altar_simple, doesnt_xom_only_xom,
          uniq_robin, uniq_terence

Skill      XL: |  1  2 |
---------------+-------+-----
Maces & Flails | 3 |  3.7
Fighting       | |  3.2
Armour         | |  3.2
Shields        | |  3.2

Action                   || total
-------------------------++-------
Melee: Flail             ||   101
  Use: Potion            ||     1
  Eat: Chunk             ||     1
Armor: Scale mail        ||    74
Dodge: Dodged            ||    31
Block: Kite shield       ||    72
